 Dungeon Crawl Stone Soup version 0.29.0-7-g18a832c13a (webtiles) character file.

Game seed: 12807300403653924218

2282 casanoah the Magician (level 9, -6/59 HPs)
             Began as a Djinni Hedge Wizard on Aug 30, 2022.
             Mangled by Duvessa
             ... wielding a +5 rapier of protection
              (8 damage)
             ... on level 6 of the Dungeon.
             The game lasted 00:19:49 (15785 turns).

casanoah the Magician (Djinni Hedge Wizard)        Turns: 15785, Time: 00:19:49

Health: -6/59      AC:  4    Str:  9    XL:     9   Next: 66%
Gold:   357        EV: 13    Int: 19    God:
                   SH:  0    Dex: 14

rFire   + + .      SeeInvis .   a - +0 dagger
rCold   . . .      Faith    .   (no shield)
rNeg    . . .      Spirit   .   C - +2 robe {rC+}
rPois   ∞          Reflect  .   c - +0 hat
rElec   .          Harm     .   (no cloak)
rCorr   .          Rampage  .   (no gloves)
Will    +....                   (boots unavailable)
Stlth   +++.......              (no amulet)
HPRegen 0.19/turn               x - ring of willpower
MPRegen 0.00/turn               (no ring)

@: flying, hasted, very quick
A: sickness immunity, fire resistance 2, cold vulnerability 1, float, innate
caster, HP casting, extra vitality 1
a: no special abilities


You were on level 6 of the Dungeon.
You visited 1 branch of the dungeon, and saw 7 of its levels.

You collected 357 gold pieces.

Inventory:

Hand Weapons
 a - a +0 dagger (weapon)
Armour
 c - a +0 hat (worn)
 C - a +2 robe of cold resistance (worn)
Jewellery
 h - a ring of ice
 r - a ring of ice
 x - a ring of willpower (left hand)
Wands
 q - a wand of digging (5)
 y - a wand of iceblast (6)
Scrolls
 d - 2 scrolls of teleportation {unknown}
 i - 2 scrolls of silence {unknown}
 k - a scroll of fear {unknown}
 m - 9 scrolls of identify {unknown}
 n - a scroll of acquirement {unknown}
 o - 2 scrolls of noise
 p - 2 scrolls of immolation {unknown}
 t - a scroll of vulnerability {unknown}
 u - a scroll of amnesia {unknown}
Potions
 e - a potion of mutation {unknown}
 f - 3 potions of haste
 g - 2 potions of ambrosia {unknown}
 j - 3 potions of heal wounds {unknown}
 l - 6 potions of curing {unknown}
 s - a potion of berserk rage {unknown}
 v - a potion of flight {unknown}
 w - 2 potions of brilliance {unknown}
 z - a potion of lignification {unknown}
 A - a potion of invisibility {unknown}
 B - a potion of degeneration {unknown}


   Skills:
 + Level 2.6 Fighting
 + Level 3.1 Short Blades
 + Level 3.9 Dodging
 + Level 4.7 Stealth
 + Level 7.8 Spellcasting


You had 2 spell levels left.
You knew the following spells:

 Your Spells              Type           Power      Damage    Failure   Level
a - Magic Dart            Conj           100%       1d8       1%          1
b - Blink                 Tloc           74%        N/A       1%          2
c - Call Imp              Summ           37%        N/A       1%          2
d - Slow                  Hex            100%       N/A       1%          1
e - Conjure Flame         Conj/Fire      37%        6-21      1%          3
f - Mephitic Cloud        Conj/Pois/Air  37%        N/A       1%          3
g - Summon Small Mammal   Summ           100%       N/A       1%          1
h - Passwall              Tmut/Erth      30%        N/A       1%          2
i - Inner Flame           Hex/Fire       37%        N/A       1%          3
j - Teleport Other        Tloc           37%        N/A       1%          3
Your spell library was empty.

Dungeon Overview and Level Annotations

Branches:
Dungeon (7/15)
 Temple: D:4-7

Altars:
Elyvilon
Ru
Wu Jian

Shops:
D:4 [

Annotations:
D:6 Duvessa


Innate Abilities, Weirdness & Mutations

You are immune to sickness and miasma.
You are immune to poison.
Your flesh is very heat resistant. (rF++)
You are vulnerable to cold. (rC-)
You float through the air rather than walking.
You learn spells naturally, not from books.
Your magical power is your life essence.
You have superior vitality. (+4 MHP)


Message History

Aiming: Magic Dart (safe; 1% risk of failure)
Press: ? - help, Shift-Dir - straight line, f/p - Duvessa
Aim: Duvessa, wielding a +5 rapier of protection and wearing a +0 leather armour (flame, moderately wounded, berserk, 100% to hit)
The magic dart hits Duvessa but does no damage.
Duvessa is moderately wounded.
Duvessa is engulfed in blazing flames.
Duvessa misses you.
Casting: Magic Dart (safe; 1% risk of failure)
Confirm with . or Enter, or press ? or * to list all spells.
Aiming: Magic Dart (safe; 1% risk of failure)
Press: ? - help, Shift-Dir - straight line, f/p - Duvessa
Aim: Duvessa, wielding a +5 rapier of protection and wearing a +0 leather armour (flame, moderately wounded, berserk, 100% to hit)
The magic dart hits Duvessa but does no damage.
Duvessa is moderately wounded.
Duvessa is engulfed in blazing flames.
Duvessa hits you with a +5 rapier of protection!
Duvessa is engulfed in blazing flames.
Duvessa misses you.
Unknown command.
Casting: Magic Dart (safe; 1% risk of failure)
Confirm with . or Enter, or press ? or * to list all spells.
Aiming: Magic Dart (safe; 1% risk of failure)
Press: ? - help, Shift-Dir - straight line, f/p - Duvessa
Aim: Duvessa, wielding a +5 rapier of protection and wearing a +0 leather armour (flame, heavily wounded, berserk, 100% to hit)
The magic dart hits Duvessa.
Duvessa is heavily wounded.
Duvessa hits you with a +5 rapier of protection!!
* * * LOW HITPOINT WARNING * * *
Unknown command.
Casting: Magic Dart (safe; 1% risk of failure)
Confirm with . or Enter, or press ? or * to list all spells.
You blink.
* * * LOW HITPOINT WARNING * * *
Duvessa is engulfed in blazing flames.
Duvessa rages.
Casting: Blink (safe; 1% risk of failure)
Confirm with . or Enter, or press ? or * to list all spells.
You don't have enough health to cast this spell.
It was a potion of haste.
You feel yourself speed up.
You feel stable enough to blink again.
Duvessa hits you with a +5 rapier of protection!
You die...

#........# #.#.........#.#.#
'........# #§#.#####.#.#.#.#
#........# #☼#.# #.#.....##
.........#######'#.#####.#.......
.........#.............#.#.#.####
..########...).........'.#.#[#<..
..# #.............###.#.#### ..#
#......e......# #.#..... ..#
#......@......# #.###### ..#
#.............# #.# ..###
#.............# #.# ....#
#######.####### #.# ..#.# #.# #.#
## ..#.# #.# #.# #. ..#.## #.#
#.# #. ###..#### #.# #.# #.
##....# #.# #.# #.


You could see Duvessa (berserk).

Vanquished Creatures
  Pikel (D:6)
  Menkaure (D:6)
  An ice beast (D:5)
  2 black bears (D:6)
  An orc warrior (D:6)
  An ogre (D:4)
  A lemure (D:6)
  A phantom (D:6)
  Blork the orc (D:6)
  A necrophage (D:4)
  4 scorpions
  2 wights (D:7)
  Dowan (D:6)
  An orc priest (D:7)
  A jelly (D:4)
  7 hounds
  2 iguanas
  2 orc wizards
  4 gnolls (D:6)
  8 adders
  2 white imps
  An ufetubus (D:6)
  3 worms
  3 dart slugs
  17 orcs
  4 ball pythons
  4 endoplasms
  4 giant cockroaches
  4 goblins
  11 hobgoblins
  2 jackals (D:3)
  3 kobolds
  4 quokkas
  6 bats
  7 frilled lizards
  7 rats
125 creatures vanquished.

Vanquished Creatures (collateral kills)
  An adder (D:3)
  2 worms (D:2)
  A bat (D:2)
  2 giant cockroaches (D:1)
  A kobold (D:1)
  A rat (D:1)
8 creatures vanquished.

Vanquished Creatures (others)
  A demonic plant (D:2)
1 creature vanquished.

Grand Total: 134 creatures vanquished

Notes
Turn   | Place    | Note
-------+----------+-------------------------------------------
     0 | D:1      | casanoah the Djinni Hedge Wizard began the quest for the
                  | Orb.
     0 | D:1      | casanoah set off with the following spells memorised: Magic
                  | Dart, Blink, Call Imp, Slow, Conjure Flame, Mephitic Cloud.
     0 | D:1      | Reached XP level 1. HP: 15/15 MP: 0/0
   173 | D:1      | Reached XP level 2. HP: 12/21 MP: 0/0
   781 | D:1      | Reached skill level 3 in Spellcasting
   921 | D:1      | Reached XP level 3. HP: 21/25 MP: 0/0
   921 | D:1      | Learned a level 1 spell: Summon Small Mammal
  2455 | D:2      | Reached XP level 4. HP: 20/31 MP: 0/0
  3004 | D:2      | Found a faded altar of an unknown god.
  3004 | D:2      | Noticed an Executioner
  4486 | D:3      | Reached XP level 5. HP: 33/35 MP: 0/0
  4486 | D:3      | Learned a level 2 spell: Passwall
  4728 | D:3      | Found a white marble altar of Elyvilon.
  5734 | D:4      | Reached skill level 4 in Spellcasting
  6430 | D:4      | Found an ornate altar of the Wu Jian Council.
  6447 | D:4      | Reached XP level 6. HP: 35/41 MP: 0/0
  6509 | D:4      | Noticed an ogre
  6519 | D:4      | Killed an ogre
  6520 | D:4      | Reached skill level 1 in Fighting
  6520 | D:4      | Reached skill level 1 in Short Blades
  7303 | D:4      | Found Cipnos's Antique Armour Emporium.
  7615 | D:5      | Entered Level 5 of the Dungeon
  7807 | D:5      | Reached XP level 7. HP: 37/47 MP: 0/0
  7807 | D:5      | Learned a level 3 spell: Inner Flame
  8310 | D:4      | Reached skill level 5 in Spellcasting
  9522 | D:5      | Reached XP level 8. HP: 43/53 MP: 0/0
 10907 | D:6      | Noticed Blork the orc
 10918 | D:6      | Killed Blork the orc
 10919 | D:6      | Reached skill level 6 in Spellcasting
 11539 | D:6      | Noticed Dowan
 11540 | D:6      | Noticed Duvessa
 12227 | D:6      | Killed Dowan
 12611 | D:6      | Noticed Menkaure
 12630 | D:6      | Killed Menkaure
 13016 | D:6      | Reached XP level 9. HP: 48/59 MP: 0/0
 13016 | D:6      | Learned a level 3 spell: Teleport Other
 13734 | D:6      | Found a sacrificial altar of Ru.
 13788 | D:6      | Noticed Pikel
 13806 | D:6      | Killed Pikel
 13807 | D:6      | Reached skill level 7 in Spellcasting
 14847 | D:7      | Noticed a hornet
 15785 | D:6      | Mangled by Duvessa

Illustrated notes

Levels and vault maps discovered:
D:1:      dpeg_arrival_short_road, layout_basic, chequers_avenue,
          hangedman_abyss_or_decor_stabs, corexii_leaking_fountain
D:2:      layout_basic, dreamdust_ecumenical_altar_sealed_demon, basic_altar,
          minmay_pentomino_v2
D:3:      kb_forest_paths, layout_basic, lemuel_doored_altar,
          corexii_corridor_pit, minmay_crystal_room, st_stairs_9
D:4:      layout_basic, nicolae_wu_jian_glorious_leap, serial_shops,
          nicolae_stop_n_shop_2
D:5:      layout_layer_cave
D:6:      layout_basic, mainiacjoe_overflow_alcove_1, lemuel_flamethrower_1,
          uniq_blork_the_orc, uniq_menkaure, uniq_pikel, uniq_duvessa
D:7:      layout_loops_ring, jmf_multi_god_temple,
          minmay_temple_entry_drinking_statues, chequers_serial_rivers_marsh,
          pf_guarded_unrand_meek

Skill      XL: |  1  2  3  4  5  6  7  8  9 |
---------------+----------------------------+-----
Spellcasting   | 3 4 5 6 7 |  7.8
Stealth        | 2 3 4 |  4.7
Fighting       | 1 2 |  2.6
Short Blades   | 1 2 3 |  3.1
Dodging        | 3 |  3.9

Action                   |  1- 3 |  4- 6 |  7- 9 || total
-------------------------+-------+-------+-------++-------
Melee: Dagger            |     5 |    46 |    52 ||   103
       Punch             |       |     1 |     3 ||     4
 Cast: Magic Dart        |    70 |   152 |   179 ||   401
       Call Imp          |    13 |     8 |     5 ||    26
       Summon Small Mamm |     1 |       |       ||     1
       Conjure Flame     |       |    10 |    33 ||    43
       Mephitic Cloud    |       |    12 |    16 ||    28
       Blink             |       |       |     4 ||     4
       Teleport Other    |       |       |     8 ||     8
       Inner Flame       |       |       |     2 ||     2
  Use: Scroll            |       |       |     1 ||     1
       Potion            |       |       |     1 ||     1
 Stab: Confused          |       |     6 |     9 ||    15
       Sleeping          |       |       |     1 ||     1
Armor: Robe              |     4 |    11 |     9 ||    24
Dodge: Dodged            |    15 |    36 |    63 ||   114
